 Dungeon Crawl Stone Soup version 0.31.0-11-ge490571c62 (webtiles) character file.

Game seed: 14814912686815234006

28 Arctor the Firebug (level 2, -2/15 HPs)
             Began as a Deep Elf Fire Elementalist on Feb 1, 2024.
             Slain by a ribbon worm (6 damage)
             ... on level 3 of the Dungeon.
             The game lasted 00:00:52 (2120 turns).

Arctor the Firebug (Deep Elf Fire Elementalist)     Turns: 2120, Time: 00:00:53

Health: -2/15      AC:  2    Str:  5    XL:     2   Next: 96%
Magic:  1/8        EV:  7    Int: 19    God:
Gold:   138        SH:  0    Dex: 15    Spells: 6/7 levels left

rFire   . . .        i - +2 dagger (holy)
rCold   . . .        (no shield)
rNeg    . . .        a - +0 robe
rPois   .            (no helmet)
rElec   .            (no cloak)
rCorr   .            (no gloves)
SInv    .            (no boots)
Will    .....        (no amulet)
Stlth   ++           (no ring)
HPRegen 0.22/turn    (no ring)
MPRegen 0.11/turn

%: no passive effects
@: held
A: no striking features
a: no special abilities


You were on level 3 of the Dungeon.
You visited 1 branch of the dungeon, and saw 3 of its levels.

You collected 138 gold pieces.

Inventory:

Hand Weapons
 i - a +2 dagger of holy wrath (weapon)
Armour
 a - a +0 robe (worn)
Jewellery
 o - a +6 ring of strength
Scrolls
 c - 2 scrolls of amnesia {unknown}
 d - 2 scrolls of poison {unknown}
 e - 2 scrolls of teleportation {unknown}
 f - a scroll of enchant weapon {unknown}
 h - a scroll of butterflies {unknown}
 k - 4 scrolls of fear {unknown}
 n - a scroll of identify {unknown}
Potions
 b - a potion of magic
 g - 2 potions of curing {unknown}
 j - a potion of degeneration {unknown}
 l - a potion of heal wounds {unknown}
 m - a potion of mutation {unknown}


   Skills:
 + Level 2.9 Dodging
 + Level 2.9 Stealth
 + Level 3.4 Spellcasting
 + Level 1.6 Conjurations
 + Level 3.5 Fire Magic


You had 6 spell levels left.
You knew the following spells:

 Your Spells              Type           Power      Damage    Failure   Level
a - Foxfire               Conj/Fire      52%        2x1d6     4%          1

Your spell library contained the following spells:

 Spells                   Type           Power      Damage    Failure   Level
 Scorch                   Fire           32%        2d6       4%          2
 Mercury Vapours          Alch/Air       6%         N/A       22%         2
 Inner Flame              Hex/Fire       10%        N/A       22%         3
 Volatile Blastmotes      Fire/Tloc      20%        2d11      22%         3
 Mephitic Cloud           Conj/Alch/Air  5%         N/A       34%         3
 Flame Wave               Conj/Fire      13%        2d6       45%         4
 Freezing Cloud           Conj/Ice/Air   2%         6-21      97%         5


Dungeon Overview and Level Annotations

Branches:
Dungeon (3/15)

Altars:


Message History

You are caught in a web!
There are monsters nearby!
You conjure some foxfire!
The foxfire hits the ribbon worm.
The ribbon worm is moderately wounded.
The foxfire hits the ribbon worm.
The ribbon worm is heavily wounded.
A goblin comes into view. It is wielding a +0 club.
The ribbon worm bites you but does no damage.
You are caught in a web!
You are caught in a web!
You conjure some foxfire!
The goblin shouts!
The foxfire hits the ribbon worm but does no damage.
The ribbon worm is heavily wounded.
There are monsters nearby!
You are caught in a web!
You conjure some foxfire!
The foxfire hits the ribbon worm.
The ribbon worm is heavily wounded.
The ribbon worm bites you.
The foxfire hits the ribbon worm.
The ribbon worm is moderately wounded.
The foxfire hits the ribbon worm.
The ribbon worm is moderately wounded.
You are caught in a web!
Unknown command.
You are caught in a web!
You conjure some foxfire!
The foxfire hits the ribbon worm.
The ribbon worm is heavily wounded.
The ribbon worm bites you!
The foxfire hits the frilled lizard.
You kill the frilled lizard!
You are caught in a web!
Unknown command.
You are caught in a web!
You conjure some foxfire!
The foxfire hits the ribbon worm.
The ribbon worm is severely wounded.
The foxfire hits the ribbon worm but does no damage.
The ribbon worm is severely wounded.
The ribbon worm bites you.
* * * LOW HITPOINT WARNING * * *
The ribbon worm bites you.
You die...

######### #...?....
#.......# #.......#
#######........
.......wv..g..#
###########@w.....#
#
#<.)......ยง.v.....#
#.
#.#################
...###.# ....<..#
...##### ##


You could see 2 ribbon worms and a goblin.

Vanquished Creatures
  2 ribbon worms (D:2)
  2 ball pythons
  An endoplasm (D:2)
  2 giant cockroaches (D:1)
  2 hobgoblins
  A quokka (D:2)
  A bat (D:2)
  3 frilled lizards
  7 kobolds
  2 rats (D:2)
23 creatures vanquished.

Vanquished Creatures (others)
  139 foxfires
139 creatures vanquished.

Grand Total: 162 creatures vanquished

Notes
Turn   | Place    | Note
-------+----------+-------------------------------------------
     0 | D:1      | Arctor the Deep Elf Fire Elementalist began the quest for
                  | the Orb.
     0 | D:1      | Reached XP level 1. HP: 10/10 MP: 6/6
   662 | D:1      | Reached XP level 2. HP: 13/15 MP: 2/8
  2120 | D:3      | Slain by a ribbon worm

Illustrated notes

Levels and vault maps discovered:
D:1:      ncdulo_halloftheorcs, layout_basic, minmay_tetromino_i4
D:2:      layout_loops_cross, minmay_misc_feat_x
D:3:      layout_loops_ring, nicolae_ru_path_of_blood

Action                     || total
---------------------------++-------
  Melee: Unarmed           ||    13
         Dagger            ||     9
   Cast: Foxfire           ||    92
   Stab: Sleeping          ||     1
 Armour: Robe              ||    22
  Dodge: Dodged            ||    26
